 Dungeon Crawl Stone Soup version 0.31.0-9-g3a7656b989 (webtiles) character file.

Game seed: 18109016948621129370

298 qw the Skirmisher (level 6, 0/35 HPs)
             Began as a Deep Elf Hunter on Feb 2, 2024.
             Slain by a gnoll
             ... wielding a +0 scythe
              (4 damage)
             ... on level 4 of the Dungeon.
             The game lasted 00:00:14 (3274 turns).

qw the Skirmisher (Deep Elf Hunter)                 Turns: 3274, Time: 00:00:14

Health: 0/35       AC:  5    Str: 10    XL:     6   Next: 13%
Magic:  8/8        EV: 11    Int: 14    God:
Gold:   80         SH:  0    Dex: 18    Spells: 5/5 levels left

rFire   . . .        a - +0 shortbow
rCold   . . .        (shield currently unavailable)
rNeg    . . .        b - +0 ring mail
rPois   .            (no helmet)
rElec   .            (no cloak)
rCorr   .            (no gloves)
SInv    .            (no boots)
Will    .....        (no amulet)
Stlth   +            (no ring)
HPRegen 0.25/turn    (no ring)
MPRegen 0.11/turn

%: no passive effects
@: no status effects
A: no striking features
a: no special abilities


You were on level 4 of the Dungeon.
You visited 1 branch of the dungeon, and saw 4 of its levels.

You collected 192 gold pieces.
You spent 112 gold pieces at shops.


   Skills:
 - Level 2.0 Fighting
 + Level 9.5 Ranged Weapons
 - Level 2.4 Dodging
 - Level 1.2 Stealth


You had 5 spell levels left.
You didn't know any spells.
Your spell library was empty.

Inventory:

Hand Weapons
 a - a +0 shortbow (weapon)
Armour
 b - a +0 ring mail (worn)
Scrolls
 c - 2 scrolls of identify {unknown}
Potions
 d - a potion of might {unknown}
 e - a potion of magic {unknown}
 f - a potion of degeneration {unknown}
 g - a potion of attraction {unknown}
 h - a potion of heal wounds {unknown}
 i - a potion of curing
 j - a potion of lignification {unknown}
 k - a potion of enlightenment
 l - a potion of ambrosia {unknown}

Dungeon Overview and Level Annotations

Branches:
Dungeon (4/15)
 Temple: D:4-7

Altars:
Kikubaaqudgha
Qazlal
Sif Muna

Shops:
D:4 !


Message History

3 gnolls come into view.
You shoot an arrow.
The arrow hits the gnoll but does no damage.
The gnoll shouts!
The gnoll shouts! x2; You hear a shout!
The gnoll hits you from afar with a +0 scythe!
You shoot an arrow. The arrow hits the gnoll.
The gnoll is moderately wounded.
The gnoll barely misses you. The gnoll hits you but does no damage.
A gnoll comes into view. It is wielding a +0 scythe.
The gnoll closely misses you. The gnoll misses you.
You shoot an arrow. The arrow closely misses the gnoll.
The gnoll misses you. The gnoll barely misses you.
The gnoll closely misses you.
You shoot an arrow. The arrow hits the gnoll!
The gnoll is severely wounded.
The gnoll barely misses you.
The gnoll hits you from afar with a +0 scythe.
The gnoll closely misses you.
You shoot an arrow. The arrow barely misses the gnoll.
The gnoll hits you from afar with a +0 scythe.
The gnoll completely misses you. The gnoll barely misses you.
You shoot an arrow. The arrow hits the gnoll.
The gnoll is severely wounded.
The gnoll closely misses you.
The gnoll hits you from afar with a +0 scythe.
The gnoll hits you with a +0 scythe.
You shoot an arrow.
The arrow hits the gnoll but does no damage.
The gnoll is severely wounded.
The gnoll barely misses you. The gnoll closely misses you.
The gnoll barely misses you.
You shoot an arrow. The arrow barely misses the gnoll.
The gnoll hits you from afar with a +0 scythe.
The gnoll barely misses you. The gnoll hits you with a +0 scythe.
The gnoll barely misses you.
You shoot an arrow. The arrow hits the gnoll!
You kill the gnoll!
The gnoll barely misses you.
The gnoll hits you from afar with a +0 scythe.
You die...

..........#
#.....##..#
##...###.##
##...(#..##
....#[....#
..###.....# #######
.........## #.g#..#
..........###.gg).#
............# #@.###
............####....##
..........>#.........#
...........##........#
.<....##.#.##........#
......?..............#
.............####.#.##
.#.......#... ####
.##.....###.#


You could see 3 gnolls.

Vanquished Creatures
  A hound (D:4)
  2 iguanas
  Jessica (D:3)
  An orc wizard (D:4)
  A gnoll (D:4)
  9 adders
  3 dart slugs
  A ribbon worm (D:3)
  8 orcs
  9 ball pythons
  5 bats
  2 endoplasms (D:1)
  A giant cockroach (D:1)
  8 goblins
  6 hobgoblins
  3 jackals (D:3)
  7 kobolds
  2 quokkas (D:1)
  2 frilled lizards (D:1)
  4 rats (D:2)
76 creatures vanquished.

Notes
Turn   | Place    | Note
-------+----------+-------------------------------------------
     0 | D:1      | qw the Deep Elf Hunter began the quest for the Orb.
     0 | D:1      | Reached XP level 1. HP: 12/12 MP: 3/3
     0 | D:1      | 0 ||| qw: Version: 0.3-a-155-g5e7d8dd
     0 | D:1      | 0 ||| qw: Game counter: 2811
     0 | D:1      | 0 ||| qw: Melee chars always use a shield: true
     0 | D:1      | 0 ||| qw: God list: Okawaru
     0 | D:1      | 0 ||| qw: Allow faded altars: false
     0 | D:1      | 0 ||| qw: Do Orc after clearing Dungeon:15 true
     0 | D:1      | 0 ||| qw: Do second Lair branch before Depths: true
     0 | D:1      | 0 ||| qw: Lair rune preference: random
     0 | D:1      | 0 ||| qw: Goals: Normal
     0 | D:1      | 0 ||| PLANNING D:1-11
   321 | D:1      | Reached XP level 2. HP: 16/16 MP: 4/4
   349 | D:1      | Reached skill level 6 in Ranged Weapons
   745 | D:1      | 745 ||| READING 2 scrolls labelled OKIF FUANO ECK.
   748 | D:1      | 748 ||| DROPPING scroll of butterflies.
   798 | D:2      | HP: 4/16 [poisoned by an adder]
   799 | D:2      | Reached XP level 3. HP: 5/20 MP: 5/5
   807 | D:2      | 807 ||| FLEEEEING.
  1008 | D:2      | HP: 5/20 [bat (1)]
  1009 | D:2      | 1009 ||| READING scroll of teleportation.
  1010 | D:2      | HP: 2/20 [adder (3)]
  1012 | D:2      | Reached skill level 7 in Ranged Weapons
  1548 | D:2      | 1548 ||| READING scroll labelled PANYGA MUINAFI.
  1549 | D:2      | 1549 ||| READING scroll labelled LUCIDULL MAOGI.
  1550 | D:2      | 1550 ||| READING scroll labelled SIOXZIEMOI.
  1550 | D:2      | 1550 ||| ENCHANTING +0 shortbow.
  1551 | D:2      | 1551 ||| READING scroll labelled ESHROA IRUGG.
  1665 | D:3      | 1665 ||| STAIRDANCE
  1669 | D:3      | 1669 ||| STAIRDANCE
  1673 | D:3      | 1673 ||| STAIRDANCE
  1713 | D:3      | Reached XP level 4. HP: 18/25 MP: 6/6
  1862 | D:3      | Found a stormy altar of Qazlal.
  1862 | D:3      | Noticed an earth elemental
  1867 | D:3      | Noticed an air elemental
  1871 | D:3      | Noticed a water elemental
  1871 | D:3      | Noticed a fire elemental
  2177 | D:3      | Noticed Jessica
  2183 | D:3      | Killed Jessica
  2184 | D:3      | Reached skill level 8 in Ranged Weapons
  2191 | D:3      | Found a shimmering blue altar of Sif Muna.
  2385 | D:3      | 2385 ||| UPGRADING to +0 ring mail.
  2395 | D:3      | 2395 ||| DROPPING +0 leather armour.
  2396 | D:3      | 2396 ||| READING scroll labelled DEWKIURO JEBOD.
  2412 | D:4      | 2412 ||| PLANNING SEWER
  2414 | D:4      | 2414 ||| STAIRDANCE
  2438 | D:4      | 2438 ||| STAIRDANCE
  2442 | D:3      | Reached XP level 5. HP: 23/29 MP: 7/7
  2466 | D:4      | 2466 ||| STAIRDANCE
  2477 | D:3      | HP: 4/29 [orc/+0 whip (5)]
  2586 | D:4      | 2586 ||| STAIRDANCE
  2600 | D:4      | 2600 ||| STAIRDANCE
  2775 | D:4      | Reached skill level 9 in Ranged Weapons
  2883 | D:4      | Found an ancient bone altar of Kikubaaqudgha.
  3051 | D:4      | 3051 ||| RIP SEWER
  3052 | D:4      | 3052 ||| PLANNING D:1-11
  3065 | D:4      | Reached XP level 6. HP: 20/35 MP: 8/8
  3131 | D:4      | Found Hepibir's Distillery.
  3137 | D:4      | 3137 ||| BUYING potion of curing (42 gold).
  3137 | D:4      | Bought a potion of curing for 42 gold pieces
  3137 | D:4      | 3137 ||| BUYING potion of enlightenment (70 gold).
  3137 | D:4      | Bought a potion of enlightenment for 70 gold pieces
  3137 | D:4      | 3137 ||| SHOPLISTING potion of heal wounds (70 gold, have
                  | 61).
  3273 | D:4      | HP: 7/35 [gnoll/+0 scythe (5)]
  3274 | D:4      | Slain by a gnoll

Levels and vault maps discovered:
D:1:      dpeg_arrival_castle, layout_basic, minmay_crystal_room,
          grunt_decor_arrowhead, minmay_misc_feat_nine_boxes,
          nicolae_kite_square_tiling_tiny, palyth_stone_intersect,
          minmay_misc_feat_x, minmay_misc_feat_rows
D:2:      layout_basic, lemuel_flame_loot_1
D:3:      layout_loops_cross, nicolae_qazlal_style_of_elements, tgw_sif
D:4:      layout_cave_pools, marbit_many_paths, fedhas_altar_decomposition,
          gup_sewer_entry_spiral, serial_shops, shop, sigmund_army

Skill      XL: |  1  2  3  4  5 |
---------------+----------------+-----
Ranged Weapons | 6 7 8 9 |  9.5
Fighting       | 2 |  2.0
Dodging        | |  2.4
Stealth        | |  1.2

Action                     |  1- 3 |  4- 6 || total
---------------------------+-------+-------++-------
   Fire: Shortbow          |   107 |   173 ||   280
    Use: Scroll            |     6 |     1 ||     7
 Armour: Leather armour    |    36 |    12 ||    48
         Ring mail         |       |    64 ||    64
  Dodge: Dodged            |    31 |    78 ||   109

Table legend:
 A = Non-vault XP
 B = Vault XP
 C = Vault XP percentage of total XP
 D = Non-vault monster count
 E = Vault monster count
 F = Vault count percentage of total count
                 A         B        C        D         E       F
            +---------+---------+-------+---------+---------+-------
      Total |     387 |      53 |  12.0 |      73 |       3 |   3.9
            +---------+---------+-------+---------+---------+-------
        D:1 |      36 |       0 |   0.0 |      18 |       0 |   0.0
        D:2 |      47 |       0 |   0.0 |      16 |       0 |   0.0
        D:3 |     115 |      37 |  24.3 |      20 |       1 |   4.8
        D:4 |     189 |      16 |   7.8 |      19 |       2 |   9.5
            +---------+---------+-------+---------+---------+-------
